 Dungeon Crawl Stone Soup version 0.30.0-16-gbe6223bb7e (webtiles) character file.

Game seed: 394028805752149772

3465 gelatine the Skirmisher (level 9, -3/69 HPs)
             Began as a Demonspawn Hunter on May 21, 2023.
             Was a Follower of Qazlal.
             Slain by a two-headed ogre
             ... wielding a +0 giant spiked club
              (22 damage)
             ... on level 8 of the Dungeon.
             The game lasted 00:27:50 (8243 turns).

gelatine the Skirmisher (Demonspawn Hunter)         Turns: 8243, Time: 00:27:54

Health: -3/69      AC: 10    Str: 12    XL:     9   Next: 78%
Magic:  11/11      EV: 14    Int: 10    God:    Qazlal [*.....]
Gold:   254        SH:  6    Dex: 21    Spells: 10/10 levels left

rFire   . . .        a - +0 shortbow
rCold   . . .        (shield currently unavailable)
rNeg    . . .        H - +0 steam dragon scales
rPois   +            e - +2 helmet
rElec   .            j - +0 cloak
rCorr   .            (no gloves)
SInv    .            (no boots)
Will    .....        G - amulet of reflection
Stlth   +++          l - ring of poison resistance
HPRegen 0.31/turn    (no ring)
MPRegen 0.12/turn

%: reflection
@: about to teleport
A: foul stench 3, weakness stinger 2
a: Renounce Religion


You were on level 8 of the Dungeon.
You worshipped Qazlal.
Qazlal was aware of your devotion.
You visited 2 branches of the dungeon, and saw 10 of its levels.

You collected 438 gold pieces.
You spent 184 gold pieces at shops.

Inventory:

Hand Weapons
 a - a +0 shortbow (weapon)
Armour
 e - a +2 helmet (worn)
 j - a +0 cloak (worn)
 v - a +0 buckler
 A - a +0 leather armour of cold resistance
 F - a +2 chain mail of fire resistance
 H - +0 steam dragon scales (worn)
Jewellery
 l - a ring of poison resistance (left hand)
 G - an amulet of reflection (around neck)
Wands
 s - a wand of flame (22)
 x - a wand of mindburst (25)
Scrolls
 b - 2 scrolls of immolation
 h - a scroll of brand weapon {unknown}
 n - 2 scrolls of enchant weapon {unknown}
 p - 2 scrolls of teleportation
 u - 2 scrolls of vulnerability {unknown}
 B - a scroll of amnesia {unknown}
 D - a scroll of noise {unknown}
 E - 2 scrolls of magic mapping {unknown}
Potions
 c - 4 potions of mutation {unknown}
 d - 2 potions of brilliance
 f - 3 potions of heal wounds
 g - a potion of ambrosia
 i - a potion of haste
 k - a potion of flight
 m - a potion of magic
 o - a potion of resistance
 q - 2 potions of might
 r - 3 potions of curing
 t - a potion of invisibility
 w - 2 potions of degeneration
 z - 2 potions of attraction
 C - a potion of lignification


   Skills:
 * Level 5.7 Fighting
 * Level 9.8 Ranged Weapons
 * Level 3.7 Armour
 * Level 4.1 Dodging
 * Level 4.2 Stealth
 * Level 1.4 Shields
 * Level 1.4 Spellcasting
 * Level 2.2 Invocations
 * Level 1.5 Evocations


You had 10 spell levels left.
You didn't know any spells.
Your spell library contained the following spells:

 Spells                   Type           Power      Damage    Failure   Level
 Beastly Appendage        Tmut           0%         N/A       32%         1
 Kiss of Death            Conj/Necr      0%         2d5       32%         1
 Sandblast                Erth           0%         2d4       32%         1
 Passwall                 Tmut/Erth      0%         N/A       45%         2
 Wereblood                Tmut           0%         N/A       45%         2
 Confusing Touch          Hex            0%         N/A       69%         3
 Spider Form              Tmut/Pois      0%         N/A       69%         3
 Stone Arrow              Conj/Erth      0%         3d7       69%         3
 Animate Dead             Necr           0%         N/A       97%         4
 Cause Fear               Hex            0%         N/A       97%         4
 Dispel Undead            Necr           0%         3d6       97%         4
 Summon Ice Beast         Ice/Summ       0%         N/A       97%         4
 Summon Mana Viper        Hex/Summ       0%         N/A       100%        5
 Dragon Form              Tmut           0%         N/A       100%        7
 Haunt                    Necr/Summ      0%         N/A       100%        7
 Monstrous Menagerie      Summ           0%         N/A       100%        7
 Infestation              Necr           0%         N/A       100%        8
 Dragon's Call            Summ           0%         N/A       100%        9


Dungeon Overview and Level Annotations

Branches:
Dungeon (9/15)             Temple (1/1) D:7
   Lair: D:8-11         Orc: D:9-12

Altars:
Ashenzari
Dithmenos
Fedhas
Gozag
Hepliaklqana
Kikubaaqudgha
Makhleb
Nemelex Xobeh
Okawaru
Qazlal
Ru
Sif Muna
Trog
Uskayaw
Vehumet
Wu Jian
Xom
Yredelemnul
Ignis

Shops:
D:5 *

Annotations:
D:3 3 runed translucent doors, NateTC's ghost, amateur HOFi


Innate Abilities, Weirdness & Mutations

You frequently emit foul miasma when damaged in melee.
You have a tail ending in a sharp stinger.


Message History

The two-headed ogre barely misses you.
The two-headed ogre hits you with a +0 giant club!
The orc priest looks braver for a moment.
You climb upwards.
There is a stone staircase leading down here.
You block the orc warrior's attack.
The two-headed ogre hits you with a +0 giant spiked club!
The two-headed ogre hits you but does no damage.
You climb downwards.
The yak bellows!
The gnoll shouts!
You hear a shout!
The orc hits you but does no damage. The yak misses you.
A yak comes into view.
The yak misses you.
A killer bee comes into view.
A gnoll sergeant comes into view. It is wielding a +2 heavy spear.
The orc priest looks satisfied for a moment.
The yak barely misses you.
A black bear comes into view.
The yak gores you.
The yak bellows!
There is a stone staircase leading up here.
You can't go down here!
The killer bee buzzes angrily.
The gnoll shouts!
The orc warrior closely misses you. The orc barely misses you.
The orc wizard casts a spell.
The orc wizard flickers and vanishes!
Deactivating autopickup; reactivate with Ctrl-A.
The yak gores you but does no damage. The yak closely misses you.
You block the yak's attack. The gnoll barely misses you.
You hear an angry buzzing noise. x2
You climb upwards.
Reactivating autopickup.
There is a stone staircase leading down, spattered with blood here.
As you read the scroll labelled HUXIXINEIR, it crumbles to dust.
You feel strangely unstable.
It was a scroll of teleportation.
The orc warrior hits you with a +2 dire flail of protection!
* * * LOW HITPOINT WARNING * * *
You emit a cloud of foul miasma!
The two-headed ogre hits you with a +0 giant spiked club!!
You die...

#####.....#..##..##...#
#..##....###+##........
#........##..##........
#..########............
#..##....##............
#...#.....#...........#
#...#.....#...........#
#...#oY...#............
#..##O@○.##............
#..##YYo.##...........#
#........#............#
#........[.......##...#
#........#.......######
#..########.......#...#
#..##....##..##...#...#
#..#.....##..##..##...#
#..#.....#...#...##...#


You could see a two-headed ogre, 3 yaks, an orc warrior and an orc.

Vanquished Creatures
  Psyche (D:8)
  Sigmund (D:2)
  Eustachio (D:4)
  2 steam dragons (D:8)
  Edmund (D:5)
  2 sky beasts
  An ice beast (D:6)
  2 orc warriors
  4 ogres
  A centaur (D:6)
  4 kobold brigands
  2 bullfrogs
  4 scorpions
  4 wights (D:7)
  An electric eel (D:7)
  A howler monkey (D:8)
  2 jellies
  2 orc priests
  A sleepcap (D:6)
  6 hounds
  3 iguanas
  3 orc wizards
  Ijyb (D:4)
  Natasha (D:4)
  Robin (D:2)
  6 gnolls
  9 adders
  3 shadow imps (D:6)
  2 white imps
  3 dart slugs
  7 orcs
  5 endoplasms
  A giant cockroach (D:3)
  10 goblins
  5 hobgoblins
  10 jackals
  4 quokkas
  7 ball pythons
  3 bats
  3 frilled lizards
  21 kobolds
  4 rats
155 creatures vanquished.

Vanquished Creatures (others)
  2 orcs (D:8)
2 creatures vanquished.

Grand Total: 157 creatures vanquished

Notes
Turn   | Place    | Note
-------+----------+-------------------------------------------
     0 | D:1      | gelatine the Demonspawn Hunter began the quest for the Orb.
     0 | D:1      | Reached XP level 1. HP: 16/16 MP: 1/1
   282 | D:1      | Gained mutation: You may rarely emit foul miasma when
                  | damaged in melee. [demonic ancestry]
   282 | D:1      | Reached XP level 2. HP: 22/22 MP: 2/2
   330 | D:1      | Reached skill level 4 in Ranged Weapons
   439 | D:1      | Reached skill level 1 in Stealth
   835 | D:2      | Noticed Sigmund
   899 | D:2      | Reached XP level 3. HP: 25/27 MP: 3/3
  1140 | D:2      | Noticed Robin
  1154 | D:2      | Gained mutation: You sometimes emit foul miasma when
                  | damaged in melee. [demonic ancestry]
  1154 | D:2      | Reached XP level 4. HP: 11/33 MP: 4/4
  1154 | D:2      | HP: 1/33 [Sigmund/+0 scythe (10)]
  1303 | D:2      | Killed Sigmund
  1304 | D:2      | Reached skill level 5 in Ranged Weapons
  1304 | D:2      | Reached skill level 1 in Armour
  1304 | D:2      | Reached XP level 5. HP: 36/40 MP: 5/5
  1305 | D:2      | Killed Robin
  1339 | D:2      | Found a faded altar of an unknown god.
  1810 | D:3      | Found a blossoming altar of Fedhas.
  1960 | D:3      | Reached XP level 6. HP: 46/46 MP: 6/6
  1981 | D:3      | Found a runed translucent gate.
  1981 | D:3      | Found a runed translucent gate.
  1981 | D:3      | Found a runed translucent gate.
  1990 | D:3      | Noticed NateTC's ghost (amateur HOFi)
  2228 | D:3      | Found a burning altar of Makhleb.
  2330 | D:4      | Noticed Eustachio
  2581 | D:4      | Noticed Ijyb
  2604 | D:4      | Killed Ijyb
  2605 | D:4      | HP: 1/47 [ogre/+0 giant club (30)]
  2885 | D:4      | Reached skill level 6 in Ranged Weapons
  2945 | D:4      | Killed Eustachio
  2946 | D:4      | Gained mutation: You have a small tail. [demonic ancestry]
  2946 | D:4      | Reached XP level 7. HP: 45/52 MP: 7/7
  3437 | D:4      | Found an ancient bone altar of Kikubaaqudgha.
  3480 | D:4      | Found a radiant altar of Vehumet.
  3487 | D:4      | Noticed Natasha
  3494 | D:4      | Killed Natasha
  3762 | D:5      | Entered Level 5 of the Dungeon
  3785 | D:5      | Found a sparkling altar of Nemelex Xobeh.
  3785 | D:5      | Found a stormy altar of Qazlal.
  3911 | D:5      | Found a basalt altar of Yredelemnul.
  4088 | D:5      | Reached skill level 7 in Ranged Weapons
  4099 | D:5      | Noticed Edmund
  4111 | D:5      | Killed Edmund
  4112 | D:5      | Gained mutation: You have a tail ending in a sharp stinger.
                  | [demonic ancestry]
  4112 | D:5      | Reached XP level 8. HP: 24/60 MP: 8/8
  4463 | D:5      | Found Gurapnomp's Assorted Antiques.
  4468 | D:5      | Bought a lumpy dark potion for 28 gold pieces
  4468 | D:5      | Bought a fuming grey potion for 28 gold pieces
  4468 | D:5      | Bought a scroll labelled ZOH UHETHIAZEN for 32 gold pieces
  4468 | D:5      | Bought a scroll labelled FUOSUE FITAERI for 32 gold pieces
  4468 | D:5      | Bought a scroll labelled OTIANT HUFU for 32 gold pieces
  4468 | D:5      | Bought a scroll labelled SECSOO PUNEIRE for 32 gold pieces
  5275 | D:6      | Reached skill level 8 in Ranged Weapons
  5762 | D:6      | Reached skill level 5 in Fighting
  6246 | D:6      | Found a shadowy altar of Dithmenos.
  6409 | D:5      | Became a worshipper of Qazlal Stormbringer
  6465 | D:7      | Gained mutation: You frequently emit foul miasma when
                  | damaged in melee. [demonic ancestry]
  6465 | D:7      | Reached XP level 9. HP: 65/68 MP: 9/9
  6560 | D:7      | Found a staircase to the Ecumenical Temple.
  6600 | Temple   | Entered the Ecumenical Temple
  6904 | D:7      | Reached skill level 9 in Ranged Weapons
  6943 | D:7      | Reached skill level 1 in Invocations
  7450 | D:8      | Reached skill level 1 in Shields
  7450 | D:8      | Reached skill level 1 in Evocations
  7572 | D:8      | Reached skill level 1 in Spellcasting
  7646 | D:8      | Noticed Psyche
  7666 | D:8      | Killed Psyche
  7855 | D:8      | Reached * piety under Qazlal
  8232 | D:9      | Noticed a two-headed ogre
  8243 | D:8      | Slain by a two-headed ogre

Illustrated notes

Levels and vault maps discovered:
D:1:      dpeg_arrival_signposts, layout_loops_corners,
          nicolae_concentric_dashed_squares_wild
D:2:      layout_basic, chequers_ecumenical_altar_twisty, nrook_uturn,
          uniq_sigmund, uniq_robin
D:3:      layout_loops_ring, mainiacjoe_overflow_concentric_impassable,
          mainiacjoe_overflow_chevrons, gammafunk_ghost_necromancy
D:4:      layout_cave_pools, mainiacjoe_overflow_brackets,
          kiku_gazebo_pond_becter, kennysheep_generic_room_13, uniq_eustachio,
          uniq_ijyb, uniq_natasha
D:5:      layout_loops_cross, kennysheep_little_box, minitemple, serial_shops,
          nicolae_shop_just_a_little_nook, hangedman_decor_diamond_cutter,
          uniq_edmund
D:6:      layout_basic, grunt_dithmenos_shadows, minmay_misc_feat_room
D:7:      layout_cave_pools, minmay_temple_entry_statues_fountains,
          lightli_minifort
D:8:      layout_gridville, uniq_psyche
D:9:      layout_cross, grunt_lair_entry_orc_guard_hut,
          minmay_orc_entry_temple_small, glass_columns_b
Temple:   pdpol_scorched_temple

Skill      XL: |  1  2  3  4  5  6  7  8  9 |
---------------+----------------------------+-----
Dodging        | 2 3 4 |  4.1
Ranged Weapons | 4 5 6 7 8 9 |  9.8
Stealth        | 1 2 3 4 |  4.2
Armour         | 1 2 3 |  3.7
Fighting       | 3 4 5 |  5.7
Invocations    | 2 |  2.2
Shields        | 1 |  1.4
Evocations     | 1 |  1.5
Spellcasting   | 1 |  1.4

Action                     |  1- 3 |  4- 6 |  7- 9 || total
---------------------------+-------+-------+-------++-------
   Fire: Shortbow          |    99 |   148 |   453 ||   700
  Evoke: Wand              |       |       |     5 ||     5
    Use: Scroll            |     2 |     6 |     7 ||    15
         Potion            |       |     1 |     4 ||     5
 Armour: Leather armour    |    22 |       |    40 ||    62
         Animal skin       |       |    34 |     9 ||    43
         Steam dragon scal |       |       |     6 ||     6
  Dodge: Dodged            |    33 |    73 |   129 ||   235
  Block: Other             |       |       |    10 ||    10
         Reflection        |       |       |     2 ||     2
